 Dungeon Crawl Stone Soup version 0.20-a0-261-gcb1eca7 (webtiles) character file.

301 Eucla the Slasher (level 6, 0/43 HPs)
             Began as an Octopode Monk on Dec 3, 2016.
             Killed by nerve-wracking pain
             ... invoked by Grinder
              (7 damage)
             ... on level 3 of the Dungeon.
             The game lasted 00:02:40 (2344 turns).

Eucla the Slasher (Octopode Monk)                   Turns: 2344, Time: 00:02:41

Health: 0/43       AC:  8    Str: 12    XL:     6   Next: 37%
Magic:  15/15      EV: 15    Int: 12    God:
Gold:   187        SH:  0    Dex: 15    Spells: 2/5 levels left

rFire  . . .     SeeInvis .     l - +0 short sword (protect)
rCold  . . .     Gourm    .     (no shield)
rNeg   . . .     Faith    .     (helmet restricted)
rPois  .         Spirit   .     (no amulet)
rElec  .         Reflect  .     c - ring of magical power
rCorr  .         Harm     .     y - ring of stealth
MR     .....                    (no ring)
Stlth  ++++......               (no ring)
                                (no ring)
                                (no ring)
                                (no ring)
                                (no ring)

@: exhausted, protection aura, slowed, very slow
A: almost no armour, stealthy swim, amphibious, 8 rings, constrict 8, camouflage
1, gelatinous body 1
a: no special abilities


You were on level 3 of the Dungeon.
You were hungry.

You visited 1 branch of the dungeon, and saw 3 of its levels.

You collected 187 gold pieces.

Inventory:

Hand Weapons
 a - a +0 falchion
 l - a +0 short sword of protection (weapon)
Jewellery
 c - a ring of magical power (left tentacle)
 y - a ring of stealth (right tentacle)
Wands
 o - a wand of polymorph (5/24)
 q - a wand of polymorph (10/24)
Scrolls
 e - a scroll of enchant armour {unknown}
 g - 2 scrolls of magic mapping {unknown}
 m - a scroll of identify {unknown}
 p - a scroll of fear {unknown}
 u - a scroll of recharging {unknown}
 w - a scroll of teleportation {unknown}
 x - a scroll of immolation {unknown}
Potions
 d - a potion of cancellation {unknown}
 i - a potion of lignification {unknown}
 k - a potion of haste {unknown}
 n - a potion of ambrosia {unknown}
 r - a potion of heal wounds {unknown}
 s - a potion of might {unknown}
 t - a potion of mutation {unknown}
 B - a potion of degeneration {unknown}
Books
 v - a book of Cantrips

   Spells                             Type                      Level
   a - Confusing Touch                Hexes                        1
   b - Animate Skeleton               Necromancy                   1
   c - Summon Small Mammal            Summoning                    1
   d - Apportation                    Translocation                1
Comestibles
 b - 4 bread rations
 f - a beef jerky
 j - 2 meat rations
 z - 2 fruits
 A - a chunk of flesh


   Skills:
 + Level 4.0 Fighting
 * Level 5.5 Long Blades
 + Level 4.2 Dodging
 - Level 2.6 Stealth


You had 2 spell levels left.
You knew the following spells:

 Your Spells              Type           Power        Failure   Level  Hunger
a - Animate Skeleton      Necr           N/A          34%         1    ##.....
b - Confusing Touch       Hex            #.....       34%         1    ##.....
c - Apportation           Tloc           #.........   34%         1    ##.....


Dungeon Overview and Level Annotations

Branches:
Dungeon (3/15)

Altars:

Annotations:
D:3 Grinder


Innate Abilities, Weirdness & Mutations

You cannot wear most types of armour.
You are very stealthy in the water. (Stealth+)
You are amphibious.
You can wear up to eight rings at the same time.
You can use your tentacles to constrict eight enemies at once.
Your skin changes colour to match your surroundings (Stealth+).
Your rubbery body absorbs attacks. (AC +1, EV +1)


Message History

You are too injured to fight recklessly!
Unknown command.
You closely miss the rat. Your grab misses the rat.
Unknown command.
You puncture the rat!
Your weapon exudes an aura of protection.
You kill the rat!
Unknown command.
Grinder gestures at you. Pain shoots through your body!
* * * LOW HITPOINT WARNING * * *
Found a stone staircase leading down.
You see here a rat corpse.
You feel a strong urge to attack something.
You are no longer berserk.
You are exhausted.
You feel yourself slow down. Grinder gestures at you.
Pain shoots through your body!
You die...

#.....# #.###.# #.# #.#
#.# #.# #.# #.# ########
#.# #.# .##......# #.#
#.# .......†.# #.# #.###
###....@.# #.# #....
#......#######.#######
>....5..................
.###.............#######
###############
#############
#...........#


You could see Grinder.

Vanquished Creatures
  Sigmund (D:2)
  Jessica (D:2)
  Robin (D:3)
  3 adders
  3 dart slugs
  4 leopard geckos
  2 ball pythons
  7 giant cockroaches
  10 hobgoblins
  6 jackals
  3 quokkas (D:3)
  6 bats
  2 frilled lizards
  16 goblins
  5 kobolds
  6 rats
76 creatures vanquished.

Notes
Turn   | Place    | Note
-------+----------+-------------------------------------------
     0 | D:1      | Eucla the Octopode Monk began the quest for the Orb.
     0 | D:1      | Reached XP level 1. HP: 16/16 MP: 1/1
   125 | D:1      | Reached XP level 2. HP: 21/21 MP: 2/2
   534 | D:1      | Reached XP level 3. HP: 20/26 MP: 3/3
   809 | D:1      | You fall through a shaft!
   830 | D:2      | Reached skill level 4 in Long Blades
  1028 | D:2      | Noticed Jessica
  1037 | D:2      | Killed Jessica
  1037 | D:2      | Reached XP level 4. HP: 25/31 MP: 4/4
  1265 | D:2      | Noticed Sigmund
  1278 | D:2      | Killed Sigmund
  1278 | D:2      | Reached skill level 5 in Long Blades
  1278 | D:2      | Reached XP level 5. HP: 36/37 MP: 5/5
  1278 | D:2      | Reached XP level 6. HP: 42/43 MP: 6/6
  1623 | D:3      | Noticed Robin
  1650 | D:3      | Killed Robin
  2026 | D:3      | Learned a level 1 spell: Animate Skeleton
  2028 | D:3      | Learned a level 1 spell: Confusing Touch
  2030 | D:3      | Learned a level 1 spell: Apportation
  2324 | D:3      | Noticed Grinder
  2328 | D:3      | Paralysed by Grinder for 5 turns
  2337 | D:3      | Paralysed by Grinder for 3 turns
  2344 | D:3      | Killed from afar by Grinder

Vault maps used:
D:1:      co_arrival_random_square_maze
D:2:      first_bread, hex_medium, serial_bayou_pond_b, corexii_corridor_pit,
          uniq_sigmund, uniq_jessica
D:3:      uniq_grinder, uniq_robin

Skill      XL: |  1  2  3  4  5  6 |
---------------+-------------------+-----
Long Blades    | 4 5 |  5.5
Dodging        | 4 |  4.2
Fighting       | 4 |  4.0
Stealth        | |  2.6

Action                   |  1- 3 |  4- 6 || total
-------------------------+-------+-------++-------
Melee: Falchion          |    52 |       ||    52
       Constrict         |    21 |    22 ||    43
       Tentacles         |    11 |    14 ||    25
       Short sword       |     8 |    70 ||    78
  Use: Potion            |       |     1 ||     1
 Stab: Sleeping          |    10 |    11 ||    21
  Eat: Chunk             |       |     4 ||     4
Armor: Skin              |     8 |    12 ||    20
Dodge: Dodged            |    36 |    39 ||    75
       Rpst.: Falchion   |    11 |       ||    11
